 Dungeon Crawl Stone Soup version 0.31.0-12-g77e489cdc1 (webtiles) character file.

Game seed: 13278695314444007103

44804 Edyrem the Severer (level 13, -2/184 HPs)
             Began as a Minotaur Berserker on Feb 27, 2024.
             Was a High Priest of Trog.
             Slain by a dire elephant (5 damage)
             ... on level 5 of the Lair of Beasts.
             The game lasted 00:26:57 (13986 turns).

Edyrem the Severer (Minotaur Berserker)            Turns: 13986, Time: 00:26:58

Health: -2/184     AC: 26    Str: 24    XL:     13   Next: 98%
Magic:  11/12      EV:  2    Int:  4    God:    Trog [*****.]
Gold:   251        SH:  0    Dex: 13    Spells: 12/12 levels left

rFire   . . .        b - +3 mace (heavy)
rCold   + . .        (no shield)
rNeg    . . .        z - melded +18 Lear's hauberk
rPois   +            (helmet currently unavailable)
rElec   .            C - melded +1 cloak
rCorr   .            (gloves currently unavailable)
SInv    .            (boots currently unavailable)
Will    ++...        (no amulet)
Stlth   +            f - ring of protection from cold
HPRegen 1.50/turn    (no ring)
MPRegen 0.13/turn

%: no passive effects
@: tree-form, strong-willed, on berserk cooldown, regenerating, hasted and
slowed
A: stationary, stasis, torment immunity, boosted hp, (horns 2), (retaliatory
headbutt)
a: Renounce Religion, Berserk, Trog's Hand, Brothers in Arms


You were on level 5 of the Lair of Beasts.
You worshipped Trog.
Trog was extremely pleased with you.
You were a tree.
You visited 2 branches of the dungeon, and saw 13 of its levels.
You also visited: Sewer.

You collected 755 gold pieces.
You spent 504 gold pieces at shops.

Inventory:

Hand Weapons
 a - a +3 antimagic broad axe
 b - a +3 heavy mace (weapon)
 c - the +4 spear of Peunk {heavy, rElec rF+++ Will- Dex+3}
   (You found it on level 3 of the Lair of Beasts)

   Dex+3:     It affects your dexterity (+3).
   rF+++:     It renders you almost immune to fire.
   rElec:     It insulates you from electricity.
   Will-:     It decreases your willpower.
 p - a +2 war axe of flaming
Missiles
 j - a throwing net
 r - a poisoned dart (quivered)
 I - 4 curare-tipped darts
Armour
 e - a +0 chain mail
 h - a +1 plate armour
 l - a +2 hat of see invisible
 o - a +0 pair of boots
 z - the +18 Lear's hauberk (melded)
   (You found it on level 6 of the Dungeon)
 C - a +1 cloak (melded)
Jewellery
 f - a ring of protection from cold (left branch)
Wands
 g - a wand of charming (8)
 q - a wand of light (14)
 v - a wand of iceblast (3)
Scrolls
 i - 4 scrolls of silence
 k - 10 scrolls of teleportation
 n - 4 scrolls of identify {@r1}
 t - 2 scrolls of revelation
 w - 2 scrolls of fog
 y - 4 scrolls of enchant armour
 G - a scroll of poison
 H - a scroll of brand weapon
Potions
 d - a potion of cancellation
 m - 8 potions of curing {@q2}
 s - a potion of resistance
 x - 2 potions of berserk rage
 A - a potion of magic
 B - a potion of mutation
 D - 3 potions of lignification
 E - a potion of haste
 F - a potion of might


   Skills:
 + Level 13.9 Fighting
 * Level 15.3(16.9) Axes
 - Level 11.9(15.2) Maces & Flails
 - Level 12.0 Armour
 + Level 12.6 Dodging


You had 12 spell levels left.
You didn't know any spells.
Your spell library was empty.

Dungeon Overview and Level Annotations

Branches:
Dungeon (8/15)             Temple (0/1) D:5            Lair (5/5) D:8
  Swamp (0/4) Lair:2        Snake (0/4) Lair:2        Sewer (visited)
  Slime: Lair:4-5

Altars:
Ashenzari
Cheibriados
Hepliaklqana
Makhleb
Okawaru
Ru
Trog
Uskayaw
Vehumet
Wu Jian
Xom
Yredelemnul
Zin
The Shining One

Shops:
D:3 *


Innate Abilities, Weirdness & Mutations

You are a tree.
Your roots penetrate the ground, keeping you stationary.
You cannot be teleported.
You are immune to unholy pain and torment.
Your maximum health is greatly increased.
Your equipment is partially melded.
((You have a pair of horns on your head.))
((You reflexively headbutt those who attack you in melee.))


Message History

You headbutt the dire elephant.
The dire elephant is moderately wounded.
The dire elephant tramples you!
* * * LOW HITPOINT WARNING * * *
You hold your ground!
The dire elephant closely misses you.
You hit the dire elephant.
The dire elephant is moderately wounded.
The dire elephant tramples you.
* * * LOW HITPOINT WARNING * * *
You hold your ground!
The dire elephant trunk-slaps you but does no damage.
You turn into a tree.
Your +1 cloak melds into your body.
The +18 Lear's hauberk melds into your body.
Your roots penetrate the ground.
The dire elephant tramples you.
* * * LOW HITPOINT WARNING * * *
The dire elephant trunk-slaps you.
* * * LOW HITPOINT WARNING * * *
You bludgeon the dire elephant!!
The dire elephant is heavily wounded.
The dire elephant tramples you!!
* * * LOW HITPOINT WARNING * * *
The dire elephant trunk-slaps you but does no damage.
You sock the dire elephant!
The dire elephant is heavily wounded.
The dire elephant completely misses you.
The dire elephant trunk-slaps you but does no damage.
The dire elephant tramples you.
* * * LOW HITPOINT WARNING * * *
The dire elephant trunk-slaps you but does no damage.
Okay, then.
You thump the dire elephant!
The dire elephant is severely wounded.
The dire elephant tramples you but does no damage.
The dire elephant barely misses you.
You hit the dire elephant.
The dire elephant is severely wounded.
The dire elephant tramples you!
* * * LOW HITPOINT WARNING * * *
The dire elephant trunk-slaps you.
You die...

###.......#
####....###.#
#..P..#.#.#.#
##...........
##..........
###.#.....# #....P.###
####...##P#
#####♣#...#.###
#..#†#Y......# .
##...........# ..
##.......÷....## .).
#.........†..(.## ....
#....÷...(...(..#.....
##....................
#.....÷..(.[........#
#....†..........<..##


You could see a dire elephant.

Vanquished Creatures
  Gastronok (D:8)
  A merfolk avatar (Lair:5)
  6 hydras
  A catoblepas (Lair:3)
  A boulder beetle (Lair:3)
  12 death yaks
  A skyshark (Lair:5)
  A sea snake (Lair:5)
  2 lindwurms
  The ghost of TheBioAlchemist the Grasshopper, a novice OnWr of Cheibriados (D:5)
  4 elephants (Lair:3)
  9 black mambas
  Maurice (D:8)
  11 cane toads
  Maggie (D:8)
  4 rime drakes
  2 komodo dragons
  2 polar bears
  Psyche (D:8)
  A troll (D:6)
  A tyrant leech (Lair:2)
  A wind drake (Lair:5)
  A hornet (Lair:1)
  23 blink frogs
  2 snapping turtles (Lair:5)
  6 wyverns
  3 basilisks
  27 yaks
  3 steam dragons
  3 swamp worms (Lair:2)
  20 water moccasins
  An orc warrior (D:6)
  2 sky beasts (D:7)
  A black bear (D:5)
  An ice beast (D:5)
  An ogre (D:5)
  25 wolves
  A kobold brigand (Sewer)
  2 phantoms
  10 bullfrogs
  A scorpion (D:4)
  19 wights
  3 killer bees (D:7)
  2 vampire bats (Lair:1)
  2 howler monkeys (D:6)
  An electric eel (Lair:2)
  2 bombardier beetles
  A hound (D:5)
  2 gnoll boudas
  2 jellies (D:5)
  2 orc priests
  2 iguanas
  6 orc wizards
  8 adders
  13 gnolls
  A river rat (Sewer)
  A shadow imp (D:5)
  A white imp (D:8)
  3 dart slugs
  3 ribbon worms
  23 orcs
  16 bats
  10 endoplasms
  6 giant cockroaches
  10 goblins
  4 hobgoblins
  4 jackals (D:3)
  4 quokkas
  7 ball pythons
  2 frilled lizards (D:1)
  12 kobolds
  9 rats
379 creatures vanquished.

Notes
Turn   | Place    | Note
-------+----------+-------------------------------------------
     0 | D:1      | Edyrem the Minotaur Berserker began the quest for the Orb.
     0 | D:1      | Reached XP level 1. HP: 19/19 MP: 0/0
   233 | D:1      | Reached XP level 2. HP: 27/27 MP: 1/1
   247 | D:1      | Reached skill level 4 in Axes
   295 | D:1      | Found a faded altar of an unknown god.
   425 | D:1      | Reached XP level 3. HP: 33/33 MP: 2/2
   866 | D:1      | Reached ** piety under Trog
  1294 | D:2      | Reached XP level 4. HP: 40/40 MP: 3/3
  1429 | D:2      | Reached skill level 5 in Axes
  2035 | D:3      | Reached XP level 5. HP: 47/47 MP: 4/4
  2103 | D:3      | Reached skill level 1 in Maces & Flails
  2236 | D:3      | Found Hefeysuh's Assorted Antiques.
  2323 | D:3      | Found a basalt altar of Yredelemnul.
  2323 | D:3      | Found a shimmering altar of Xom.
  2323 | D:3      | Found an ornate altar of the Wu Jian Council.
  2323 | D:3      | Found a radiant altar of Vehumet.
  2324 | D:3      | Found a hazy altar of Hepliaklqana.
  2324 | D:3      | Found a glowing golden altar of the Shining One.
  2325 | D:3      | Found a burning altar of Makhleb.
  2326 | D:3      | Found a hide-covered altar of Uskayaw.
  2326 | D:3      | Found a broken altar of Ashenzari.
  2327 | D:3      | Found a bloodstained altar of Trog.
  2631 | D:4      | Found a glowing drain.
  2658 | Sewer    | Entered a sewer
  2759 | Sewer    | Reached *** piety under Trog
  2822 | Sewer    | Reached XP level 6. HP: 55/55 MP: 5/5
  2854 | Sewer    | Reached skill level 5 in Fighting
  3140 | D:4      | Found a snail-covered altar of Cheibriados.
  3146 | D:4      | Found a glowing silver altar of Zin.
  3859 | D:5      | Entered Level 5 of the Dungeon
  3859 | D:5      | Found a sacrificial altar of Ru.
  3860 | D:5      | Noticed an ice beast
  3871 | D:5      | Killed an ice beast
  3872 | D:5      | Reached XP level 7. HP: 50/61 MP: 6/6
  3923 | D:5      | Found a runed translucent door.
  3938 | D:5      | Noticed TheBioAlchemist's ghost (novice OnWr)
  4012 | D:5      | Reached skill level 5 in Maces & Flails
  4012 | D:5      | Reached skill level 5 in Armour
  4117 | D:5      | Found a staircase to the Ecumenical Temple.
  4283 | D:3      | Bought a runed broad axe for 210 gold pieces
  4724 | D:5      | Killed TheBioAlchemist's ghost
  4725 | D:5      | Reached skill level 5 in Dodging
  4725 | D:5      | Reached XP level 8. HP: 71/71 MP: 7/7
  5189 | D:6      | Noticed a troll
  5194 | D:6      | Killed a troll
  5273 | D:6      | Found the +18 Lear's hauberk
  5382 | D:6      | Reached **** piety under Trog
  5588 | D:7      | Reached XP level 9. HP: 57/76 MP: 8/8
  6078 | D:7      | Found an iron altar of Okawaru.
  6722 | D:8      | Identified the +9 rapier of Destiny {holy, Int+2}
  6747 | D:8      | Noticed Gastronok
  6773 | D:8      | Killed Gastronok
  6774 | D:8      | Reached skill level 10 in Maces & Flails
  6774 | D:8      | Reached XP level 10. HP: 64/90 MP: 3/9
  7023 | D:8      | Noticed a death yak
  7024 | D:8      | Found a staircase to the Lair.
  7029 | D:8      | Noticed a death yak
  7032 | D:8      | Noticed a death yak
  7083 | D:8      | Killed a death yak
  7089 | D:8      | Killed a death yak
  7094 | D:8      | Killed a death yak
  7257 | D:8      | Noticed Maggie
  7266 | D:8      | Killed Maggie
  7322 | D:8      | Noticed Maurice
  7333 | D:8      | Killed Maurice
  7390 | D:8      | Noticed Psyche
  7401 | D:8      | Killed Psyche
  7580 | Lair:1   | Entered Level 1 of the Lair of Beasts
  7580 | Lair:1   | Noticed a cane toad
  7585 | Lair:1   | Reached XP level 11. HP: 99/99 MP: 3/10
  7588 | Lair:1   | Reached skill level 6 in Axes
  7592 | Lair:1   | Reached skill level 10 in Fighting
  7730 | Lair:1   | Reached skill level 7 in Axes
  7844 | Lair:1   | Reached skill level 10 in Armour
  8156 | Lair:1   | Reached skill level 8 in Axes
  8846 | Lair:2   | Reached skill level 9 in Axes
  9493 | Lair:2   | Noticed a six-headed hydra
  9502 | Lair:2   | Killed a six-headed hydra
  9503 | Lair:2   | Reached skill level 10 in Dodging
  9503 | Lair:2   | Reached XP level 12. HP: 110/110 MP: 11/11
  9582 | Lair:2   | Found a staircase to the Swamp.
  9693 | Lair:2   | Reached skill level 10 in Axes
  9709 | Lair:2   | Found a staircase to the Snake Pit.
  9948 | Lair:2   | Identified the +4 lajatang of a Billion Dreams {spect,
                  | ^Fragile rPois rCorr}
 10156 | Lair:2   | Reached ***** piety under Trog
 10281 | Lair:3   | Reached skill level 11 in Axes
 10315 | Lair:3   | Noticed a catoblepas
 10339 | Lair:3   | Killed a catoblepas
 10839 | D:3      | Bought a scroll of identify for 60 gold pieces
 10839 | D:3      | Bought a viscous white potion for 27 gold pieces
 10839 | D:3      | Bought a viscous white potion for 27 gold pieces
 10839 | D:3      | Bought a scroll labelled SEG LOX GAXTO for 30 gold pieces
 10839 | D:3      | Bought a blackened tourmaline ring for 150 gold pieces
 11064 | Lair:3   | Identified the +4 spear of Peunk {heavy, rElec rF+++ Will-
                  | Dex+3}
 11282 | Lair:3   | Noticed a boulder beetle
 11315 | Lair:3   | Killed a boulder beetle
 11342 | Lair:3   | Reached skill level 12 in Axes
 11436 | Lair:3   | Noticed a four-headed hydra
 11449 | Lair:3   | Killed a four-headed hydra
 11844 | Lair:4   | Noticed a five-headed hydra
 11853 | Lair:4   | Killed a five-headed hydra
 12164 | Lair:4   | Reached XP level 13. HP: 115/119 MP: 12/12
 12286 | Lair:4   | Reached skill level 13 in Axes
 12939 | Lair:4   | Reached skill level 14 in Axes
 13694 | Lair:5   | Entered Level 5 of the Lair of Beasts
 13943 | Lair:5   | Reached skill level 15 in Axes
 13964 | Lair:5   | Noticed a dire elephant
 13986 | Lair:5   | HP: 3/184 [dire elephant (13)]
 13986 | Lair:5   | Slain by a dire elephant

Illustrated notes

Levels and vault maps discovered:
D:1:      kennysheep_arrival_seaside, layout_loops_corners,
          dreamdust_ecumenical_altar_angels_and_demons, minmay_misc_feat_rows,
          dreamdust_princess_bridge, st_stairs_4
D:2:      layout_basic
D:3:      layout_basic, nicolae_overflows_in_rows, serial_shops,
          nicolae_shop_temple_entry_statues_fountains, minmay_diced_spiral
D:4:      layout_basic, mainiacjoe_overflow_big_doors, serial_aquarium,
          aquarium_bridge_long_separate [aquarium_subvault_bridge,
          aquarium_subvault_wall, aquarium_subvault_bridge,
          aquarium_subvault_wall, aquarium_subvault_bridge,
          aquarium_subvault_window], aquarium_window_corner,
          aquarium_window_corridor_2, aquarium_view_2b, aquarium_view_2b,
          aquarium_balcony_5b, gup_sewer_entry_glass
D:5:      nicolae_cairo_tiling, layout_basic, mainiacjoe_overflow_alcove_1,
          minmay_temple_entry_wispy, ebering_ghost_reflecting_pool
D:6:      layout_cave_pools, minivault_4, hellmonk_guarded_unrand_lears
D:7:      layout_gridville, okawaru_trees_2, serial_bayou_crossing
D:8:      layout_basic, dpeg_lair_monsters, uniq_maurice, uniq_psyche,
          uniq_gastronok, uniq_maggie
Lair:1:   layout_hall_layers, roderic_batcave
Lair:2:   layout_small_grid, palyth_hydra_swamp_entry,
          minmay_snake_entry_six_corridors, beast_lair_carwin_3,
          infiniplex_staircase_pool
Lair:3:   layout_loops_ring, chequers_serial_rivers_large_a
Lair:4:   beast_lair_carwin_large_1, layout_layer_cave
Lair:5:   gammafunk_lair_ancient_temple, layout_cave_pods,
          minmay_slime_entry_oklob_open, lemuel_fruit_tree

Skill      XL: |  1  2  3  4  5  6  7  8  9 10 11 12 13 |
---------------+----------------------------------------+-----
Axes           | 4 5 9 12 15 | 15.3
Fighting       | 4 5 6 7 8 9 11 12 13 | 13.9
Armour         | 3 4 5 6 8 9 10 12 | 12.0
Dodging        | 3 4 5 6 7 8 10 11 12 | 12.6
Maces & Flails | 2 4 6 8 10 11 | 11.9

Action                     |  1- 3 |  4- 6 |  7- 9 | 10-12 | 13-15 || total
---------------------------+-------+-------+-------+-------+-------++-------
  Melee: Hand axe          |    28 |       |       |       |       ||    28
         Headbutt          |     5 |    14 |    24 |   117 |    62 ||   222
         Mace              |    39 |   140 |   154 |   421 |   170 ||   924
         Punch             |       |     1 |     7 |     2 |     7 ||    17
         Broad axe         |       |       |    38 |    31 |   111 ||   180
  Throw: Dart              |       |       |       |     1 |    12 ||    13
 Invoke: Trog's Hand       |       |     1 |     3 |    12 |     9 ||    25
         Berserk           |       |       |     2 |     4 |     3 ||     9
    Use: Scroll            |       |    10 |    10 |     5 |     2 ||    27
         Potion            |       |       |       |     1 |     4 ||     5
 Armour: Animal skin       |    19 |       |       |       |       ||    19
         Chain mail        |    37 |     1 |   168 |   603 |   349 ||  1158
         Plate armour      |       |   162 |    88 |       |       ||   250
         Skin              |       |       |       |       |    10 ||    10
  Dodge: Dodged            |    34 |    97 |   129 |   386 |   215 ||   861
